 Dungeon Crawl Stone Soup version 0.25-a0-1036-g6f112fb28d (webtiles) character file.

Game seed: 16129910528639411179, levelgen mode: deterministic

42 Conn the Magician (level 3, -8/21 HPs)
             Began as an Octopode Wizard on May 13, 2020.
             Mangled by Sigmund
             ... wielding a +0 scythe
              (11 damage)
             ... on level 2 of the Dungeon.
             The game lasted 00:05:13 (1955 turns).

Conn the Magician (Octopode Wizard)                 Turns: 1955, Time: 00:05:14

Health: -8/21      AC:  2    Str:  4 (6)  XL:     3   Next: 54%
Magic:  1/8        EV: 13    Int: 20 (21) God:
Gold:   85         SH:  0    Dex:  7 (10) Spells: 4/9 levels left

rFire    . . .     SeeInvis .   f - +0 short sword
rCold    + . .     Gourm    .   (no shield)
rNeg     . . .     Faith    .   a - +1 hat
rPois    .         Spirit   .   (no amulet)
rElec    .         Reflect  .   e - ring of protection from cold
rCorr    .         Harm     .   (no ring)
MR       .....                  (no ring)
Stlth    ++........             (no ring)
HPRegen  0.07/turn              (no ring)
MPRegen  0.11/turn              (no ring)
                                (no ring)
                                (no ring)

@: confused, mighty, stab
A: almost no armour, stealthy swim, amphibious, 8 rings, constrict 8, camouflage
1, gelatinous body 1
a: no special abilities


You were on level 2 of the Dungeon.
You were not hungry.

You visited 1 branch of the dungeon, and saw 2 of its levels.

You collected 85 gold pieces.

Inventory:

Hand Weapons
 d - a +0 dagger
 f - a +0 short sword (weapon)
Armour
 a - a +1 hat (worn)
Jewellery
 e - a ring of protection from cold (left tentacle)
Comestibles
 c - 3 rations


   Skills:
 + Level 2.1 Dodging
 + Level 3.7 Stealth
 * Level 3.7 Spellcasting
 * Level 1.1 Conjurations
 + Level 1.0 Summonings
 + Level 1.0 Translocations


You had 4 spell levels left.
You knew the following spells:

 Your Spells              Type           Power        Failure   Level  Hunger
a - Magic Dart            Conj           #...         9%          1    None
b - Blink                 Tloc           N/A          13%         2    ##.....
c - Call Imp              Summ           #.......     13%         2    ##.....

Your spell library contained the following spells:

 Spells                   Type           Power        Failure   Level  Hunger
 Slow                     Hex            #.......     21%         2    ##.....
 Conjure Flame            Conj/Fire      #.......     30%         3    ###....
 Mephitic Cloud           Conj/Pois/Air  #.......     34%         3    ###....


Dungeon Overview and Level Annotations

Branches:
Dungeon (2/15)

Altars:

Annotations:
D:2 Sigmund


Innate Abilities, Weirdness & Mutations

You cannot wear most types of armour.
You are very stealthy in the water. (Stealth+)
You are amphibious.
You can wear up to eight rings at the same time.
You can use your tentacles to constrict eight enemies at once.
Your skin changes colour to match your surroundings (Stealth+).
Your rubbery body absorbs attacks. (AC +1, EV +1)


Message History

As you read the scroll labeled ZENUES QAROHUPT, it crumbles to dust.
It is a scroll of enchant armour.
Your +0 hat glows green for a moment.
You aren't carrying any potions.
As you read the scroll labeled JEDGHU UDOTZ, it crumbles to dust.
You feel blessed for a moment.
It was a scroll of remove curse.
You hear some strange, mumbled words.
Something tries to affect you, but you resist.
As you read the scroll labeled KUEXEI TIAW, it crumbles to dust.
You hear a loud clanging noise!
It was a scroll of noise.
You hear some strange, mumbled words.
You are confused.
You aren't carrying any potions.
Unknown command.
Unknown command.
Unknown command.
Something hits you!
Ouch! That really hurt!
You die...

.....#...#
#.##.#...#
#.##)##..#
#.....#.)#
#......ยง>#########
#......#....w....#
.......#########w#
######## #.# #@#
#.# #.# #.# #.# #.#
#.# #.# #.#


You could see a worm.

Vanquished Creatures
  A bat (D:1)
  A giant cockroach (D:1)
  A goblin (D:1)
  A ball python (D:2)
  3 frilled lizards
  A kobold (D:1)
  3 rats
11 creatures vanquished.

Vanquished Creatures (collateral kills)
  Jessica (D:2)
  Terence (D:2)
  An adder (D:2)
  A giant cockroach (D:2)
  A kobold (D:2)
5 creatures vanquished.

Grand Total: 16 creatures vanquished

Notes
Turn   | Place    | Note
-------+----------+-------------------------------------------
     0 | D:1      | Conn the Octopode Wizard began the quest for the Orb.
     0 | D:1      | Reached XP level 1. HP: 11/11 MP: 4/4
  1008 | D:1      | Reached XP level 2. HP: 14/17 MP: 6/6
  1067 | D:1      | Learned a level 2 spell: Blink
  1070 | D:1      | Learned a level 2 spell: Call Imp
  1435 | D:2      | Noticed Terence
  1471 | D:2      | Killed Terence
  1471 | D:2      | Reached XP level 3. HP: 21/21 MP: 1/8
  1620 | D:2      | Noticed Sigmund
  1852 | D:2      | Noticed Jessica
  1867 | D:2      | Killed Jessica
  1955 | D:2      | Mangled by Sigmund

Illustrated notes

Levels and vault maps discovered:
D:1:      minmay_arrival_radiant_lines, layout_basic
D:2:      layout_basic, xom_redecorated, uniq_sigmund, uniq_jessica,
          uniq_terence

Skill      XL: |  1  2 |
---------------+-------+-----
Stealth        | 3 |  3.7
Dodging        | |  2.1
Spellcasting   | |  3.7
Conjurations   | |  1.1
Summonings     | |  1.0
Translocations | |  1.0

Action                   || total
-------------------------++-------
Melee: Dagger            ||    13
       Constrict         ||     3
       Tentacles         ||     1
       Short sword       ||    14
 Cast: Magic Dart        ||     8
       Call Imp          ||    13
       Blink             ||     1
  Use: Scroll            ||     3
       Potion            ||     3
 Stab: Sleeping          ||     4
  Eat: Chunk             ||     3
Armor: Skin              ||     1
Dodge: Dodged            ||    14

Table legend:
 A = Non-vault XP
 B = Vault XP
 C = Vault XP percentage of total XP
 D = Non-vault monster count
 E = Vault monster count
 F = Vault count percentage of total count
                 A         B        C        D         E       F
            +---------+---------+-------+---------+---------+-------
      Total |      23 |      37 |  61.7 |      14 |       2 |  12.5
            +---------+---------+-------+---------+---------+-------
        D:1 |      10 |       0 |   0.0 |       7 |       0 |   0.0
        D:2 |      13 |      37 |  74.0 |       7 |       2 |  22.2
            +---------+---------+-------+---------+---------+-------
